 Dungeon Crawl Stone Soup version 0.21.1-1-g345015f (webtiles) character file.

891 RudyRod the Grave Robber (level 7, -1/46 HPs)
             Began as a Demonspawn Necromancer on Apr 25, 2018.
             Killed from afar by an orc wizard (7 damage)
             ... with a puff of flame
             ... on level 5 of the Dungeon.
             The game lasted 00:31:35 (5943 turns).

RudyRod the Grave Robber (Demonspawn Necromancer)   Turns: 5943, Time: 00:31:36

Health: -1/46      AC:  4    Str: 10    XL:     7   Next: 78%
Magic:  14/14      EV: 13    Int: 17    God:
Gold:   257        SH:  0    Dex: 15    Spells: 9/15 levels left

rFire    . . .     SeeInvis .   p - +1 dagger (speed)
rCold    . . .     Gourm    .   (no shield)
rNeg     . . .     Faith    .   r - +0 leather armour
rPois    .         Spirit   .   i - +0 helmet
rElec    .         Reflect  .   (no cloak)
rCorr    .         Harm     .   (no gloves)
MR       .....                  (no boots)
Stlth    +++.......             (no amulet)
HPRegen  0.15/turn              (no ring)
MPRegen  0.14/turn              (no ring)

@: no status effects
A: hooves 1, thin skeletal structure 1, powered by death 2, powered by pain 1
a: no special abilities


You were on level 5 of the Dungeon.
You were not hungry.

You visited 1 branch of the dungeon, and saw 5 of its levels.
You also visited: Sewer.

You collected 257 gold pieces.

Inventory:

Hand Weapons
 j - a cursed -1 dagger
 p - a +1 dagger of speed (weapon)
Armour
 a - a +1 robe
 i - a +0 helmet (worn)
 r - a +0 leather armour (worn)
 s - a -1 ring mail
Wands
 v - a wand of flame (24)
Scrolls
 e - 4 scrolls of identify
 k - a scroll of enchant armour
 l - 5 scrolls of teleportation
 m - 2 scrolls of fear
 q - a scroll of random uselessness {unknown}
 u - a scroll of immolation {unknown}
Potions
 d - a potion of might {unknown}
 f - 4 potions of curing {unknown}
 g - a potion of resistance {unknown}
 h - 2 potions of brilliance {unknown}
 n - 2 potions of heal wounds {unknown}
 o - 3 potions of magic {unknown}
 t - a potion of berserk rage {unknown}
Books
 b - a book of Necromancy

   Spells                             Type                      Level
   a - Pain                           Necromancy                   1
   b - Animate Skeleton               Necromancy                   1
   c - Vampiric Draining              Necromancy                   3
   d - Regeneration                   Charms/Necromancy            3
   e - Animate Dead                   Necromancy                   4
   f - Borgnjor's Vile Clutch         Necromancy/Earth             5
Comestibles
 c - 3 rations
 w - 2 chunks of flesh


   Skills:
 + Level 0.1 Fighting
 * Level 2.8 Armour
 * Level 3.1 Dodging
 * Level 3.4 Stealth
 + Level 4.9 Spellcasting
 + Level 6.5 Necromancy
 * Level 1.7 Earth Magic


You had 9 spell levels left.
You knew the following spells:

 Your Spells              Type           Power        Failure   Level  Hunger
a - Pain                  Necr           ####         1%          1    None
b - Borgnjor's Vile Clut  Necr/Erth      ###.......   67%         5    ######.


Dungeon Overview and Level Annotations

Branches:
Dungeon (5/15)
 Temple: D:4-7

Altars:
Ashenzari
Ru
Wu Jian
Yredelemnul

Shops:
D:5 *


Innate Abilities, Weirdness & Mutations

You have large cloven feet.
You have a somewhat thin skeletal structure. (Dex +2, Stealth)
You regenerate health from kills.
You sometimes gain a little power by taking damage.


Message History

Your leather armour prevents you from hitting something.
Something blocks your attack. Something hits you. Something blocks your attack.
You kick something.
An orc wizard appears from thin air!
Reactivating autopickup.
The orc wizard mumbles some strange words.
The orc wizard flickers and vanishes!
Deactivating autopickup; reactivate with Ctrl-A.
A puff of flame appears from out of thin air!
The puff of flame hits you!
A puff of flame appears from out of thin air!
The puff of flame hits you!
A puff of flame appears from out of thin air!
The puff of flame hits you!
* * * LOW HITPOINT WARNING * * *
The two-headed ogre shouts in stereo!
The two-headed ogre misses you. The two-headed ogre closely misses you.
A puff of flame appears from out of thin air!
The puff of flame hits you!
You die...

####.##.#
#....##.#####
#####.####......#
#........{..###.#
#.###.##.##.# #.#
#.##.##.# #.#
#.##.##.. #.#
#.##.#####
#.###..@.O...#
#.##..##.###....
#.##..##.# #.
#.##..##.###
#.##.......#
#........#
####..####
#.....# ###...#.#


You could see a two-headed ogre.

Vanquished Creatures
  An ogre (D:4)
  3 big kobolds (Sewer)
  A scorpion (D:4)
  A howler monkey (D:4)
  A hound (D:5)
  4 orc priests
  An orc wizard (D:3)
  An iguana (D:4)
  2 worker ants (D:4)
  4 gnolls
  7 adders
  2 river rats (D:3)
  5 oozes
  An adder skeleton (D:4)
  4 worms (D:3)
  A dart slug (D:1)
  5 leopard geckos
  15 orcs
  2 ball pythons
  3 giant cockroaches
  10 goblins
  3 hobgoblins
  2 jackals (D:4)
  10 kobolds
  A quokka (D:2)
  8 bats
  3 frilled lizards
  10 rats
111 creatures vanquished.

Notes
Turn   | Place    | Note
-------+----------+-------------------------------------------
     0 | D:1      | RudyRod the Demonspawn Necromancer began the quest for the Orb.
     0 | D:1      | Reached XP level 1. HP: 13/13 MP: 3/3
   561 | D:1      | Gained mutation: You have a somewhat thin skeletal structure. (Dex +2, Stealth) [demonic ancestry]
   561 | D:1      | Reached XP level 2. HP: 15/19 MP: 0/5
   824 | D:1      | Reached skill level 5 in Necromancy
  1362 | D:2      | Found a basalt altar of Yredelemnul.
  1365 | D:2      | Gained mutation: You have large cloven feet. [demonic ancestry]
  1365 | D:2      | Reached XP level 3. HP: 22/24 MP: 2/6
  2034 | D:2      | Gained mutation: You regenerate a little health from kills. [demonic ancestry]
  2034 | D:2      | Reached XP level 4. HP: 28/30 MP: 3/8
  2170 | D:3      | Found an ornate altar of the Wu Jian Council.
  2329 | D:3      | Found a glowing drain.
  2334 | Sewer    | Entered a sewer
  2489 | Sewer    | Noticed a big kobold
  2516 | Sewer    | Killed a big kobold
  2516 | Sewer    | Reached skill level 1 in Armour
  2516 | Sewer    | Gained mutation: You regenerate health from kills. [demonic ancestry]
  2516 | Sewer    | Reached XP level 5. HP: 13/35 MP: 1/10
  2915 | Sewer    | Learned a level 5 spell: Borgnjor's Vile Clutch
  2942 | Sewer    | Reached XP level 6. HP: 18/41 MP: 2/12
  4281 | D:4      | Reached skill level 6 in Necromancy
  4287 | D:4      | Reached skill level 1 in Earth Magic
  4608 | D:4      | Found a sacrificial altar of Ru.
  4618 | D:4      | Gained mutation: You sometimes gain a little power by taking damage. [demonic ancestry]
  4618 | D:4      | Reached XP level 7. HP: 44/46 MP: 8/13
  5086 | D:4      | Found a shattered altar of Ashenzari.
  5336 | D:5      | Entered Level 5 of the Dungeon
  5336 | D:5      | Found Nagukaw's General Store.
  5670 | D:5      | Noticed a two-headed ogre
  5943 | D:5      | Killed from afar by an orc wizard

Skill      XL: |  1  2  3  4  5  6  7 |
---------------+----------------------+-----
Necromancy     | 5 6 |  6.5
Dodging        | 2 3 |  3.1
Spellcasting   | 3 4 |  4.9
Armour         | 1 2 |  2.8
Stealth        | 2 3 |  3.4
Earth Magic    | 1 |  1.7
Fighting       | |  0.1

Action                   |  1- 3 |  4- 6 |  7- 9 || total
-------------------------+-------+-------+-------++-------
Melee: Unarmed           |     4 |       |       ||     4
       Dagger            |     4 |     7 |    16 ||    27
       Kick              |       |     1 |     4 ||     5
 Cast: Pain              |    62 |   150 |    75 ||   287
  Use: Scroll            |     4 |     2 |     3 ||     9
       Potion            |       |     1 |       ||     1
  Eat: Chunk             |     4 |     8 |     4 ||    16
Armor: Robe              |     3 |     5 |       ||     8
       Leather armour    |       |     1 |     5 ||     6
       Ring mail         |       |       |     2 ||     2
Dodge: Dodged            |     7 |    20 |    19 ||    46
